 Dungeon Crawl Stone Soup version 0.22.0-6-g71bd7aa (webtiles) character file.

6 Amnesiac the Gusty (level 1, 0/13 HPs)
             Began as a Mummy Air Elementalist on Aug 15, 2018.
             Slain by a leopard gecko (2 damage)
             ... on level 1 of the Dungeon.
             The game lasted 00:01:11 (123 turns).

Amnesiac the Gusty (Mummy Air Elementalist)          Turns: 123, Time: 00:01:11

Health: 0/13       AC:  2    Str: 11    XL:     1   Next: 75%
Magic:  0/4        EV: 12    Int: 14    God:
Gold:   12         SH:  0    Dex: 12    Spells: 4/5 levels left

rFire    x . .     SeeInvis .   (no weapon)
rCold    + . .     Gourm    .   (no shield)
rNeg     + + +     Faith    .   a - +0 robe
rPois    ∞         Spirit   .   (no helmet)
rElec    .         Reflect  .   (no cloak)
rCorr    .         Harm     .   (no gloves)
MR       .....                  (no boots)
Stlth    ++........             (no amulet)
HPRegen  0.04/turn              (no ring)
MPRegen  0.09/turn              (no ring)

@: no status effects
A: no food or potions, fire vulnerability, cold resistance 1, negative energy
resistance 3, torment resistance, unbreathing
a: no special abilities


You were on level 1 of the Dungeon.
You were not hungry.

You visited 1 branch of the dungeon, and saw 1 of its levels.

You collected 12 gold pieces.

Inventory:

Hand Weapons
 b - a +0 short sword
Armour
 a - a +0 robe (worn)


   Skills:
 - Level 1.5 Dodging
 - Level 1.5 Stealth
 + Level 2.7 Spellcasting
 - Level 0.7 Conjurations
 * Level 2.8 Air Magic


You had 4 spell levels left.
You knew the following spells:

 Your Spells              Type           Power        Failure   Level  Hunger
a - Shock                 Conj/Air       #...         11%         1    N/A

Your spell library contained the following spells:

 Spells                   Type           Power        Failure   Level  Hunger
 Lightning Bolt           Conj/Air       #.........   96%         5    N/A
 Swiftness                Chrm/Air       #.......     19%         2    N/A
 Airstrike                Air            #.........   56%         4    N/A
 Static Discharge         Conj/Air       #.......     32%         3    N/A

Dungeon Overview and Level Annotations

Branches:
Dungeon (1/15)

Altars:


Innate Abilities, Weirdness & Mutations

You do not eat or drink.
Your flesh is vulnerable to fire.
You are immune to poison.
Your flesh is cold resistant. (rC+)
You are immune to negative energy. (rN+++)
You are immune to unholy pain and torment.
You can survive without breathing.


Message History

The bat hits you but does no damage. The bat closely misses you.
The bat closely misses you. The dart slug bites you. The bat misses you.
The bat closely misses you. The bat hits you but does no damage.
The bat completely misses you.
Found a ration.
A bat comes into view.
The bat barely misses you.
A bat comes into view.
The bat closely misses you.
Your magical contamination has completely faded away.
Found 8 gold pieces.
The bat hits you.
You see here 8 gold pieces.
The bat closely misses you. x2
The bat misses you. The bat closely misses you.
Really attack barehanded?
Okay, then.
The bat barely misses you. The leopard gecko closely misses you.
The leopard gecko hisses menacingly.
The leopard gecko bites you.
* * * LOW HITPOINT WARNING * * *
The bat barely misses you. The bat hits you but does no damage.
The bat hits you but does no damage. x2
The bat hits you but does no damage. The bat barely misses you.
Casting: Shock (safe; 11% risk of failure)
Confirm with . or Enter, or press ? or * to list all spells.
Aiming: Shock (safe; 11% risk of failure)
Press: ? - help, Shift-Dir - straight line The zap misses the bat. x2; The zap hits the bat.
The bat is severely wounded.
The zap hits the bat.
You kill the bat!
Training target 2.7 for Air Magic reached!
You need to enable at least one skill for training.
The zap hits the dart slug.
The dart slug is moderately wounded.
The bat barely misses you. The bat hits you but does no damage.
Casting: Shock (safe; 11% risk of failure)
Confirm with . or Enter, or press ? or * to list all spells.
Aiming: Shock (safe; 11% risk of failure)
Press: ? - help, Shift-Dir - straight line The zap hits the bat.
You kill the bat!
The zap hits the bat.
The bat is severely wounded.
The zap hits the bat.
You kill the bat!
The zap hits the dart slug.
The dart slug is severely wounded.
Unknown command.
The leopard gecko barely misses you.
Casting: Shock (safe; 11% risk of failure)
Confirm with . or Enter, or press ? or * to list all spells.
Aiming: Shock (safe; 11% risk of failure)
Press: ? - help, Shift-Dir - straight line The zap misses the leopard gecko. x2; The leopard gecko bites you.
* * * LOW HITPOINT WARNING * * *
Unknown command.
The leopard gecko bites you.
You die...

### #.### # #g..## #
#.#†.### # #w##...##
# #.#@##..# #### #
#.l..$#.# #..# ##
###...#.# #..###.
##.....## #.$†##.
#........#####(#....
#...........g......#
#............#.#.#.#
#...........##.#.#.#
#...................


You could see a leopard gecko.

Vanquished Creatures
  A giant cockroach (D:1)
  A goblin (D:1)
  3 bats (D:1)
  A frilled lizard (D:1)
6 creatures vanquished.

Notes
Turn   | Place    | Note
-------+----------+-------------------------------------------
     0 | D:1      | Amnesiac the Mummy Air Elementalist began the quest for the Orb.
     0 | D:1      | Reached XP level 1. HP: 13/13 MP: 4/4
   123 | D:1      | Slain by a leopard gecko

Action                   || total
-------------------------++-------
 Cast: Shock             ||     9
Armor: Robe              ||    10
Dodge: Dodged            ||    27
